 Dungeon Crawl Stone Soup version 0.26-a0-834-g69557b85cc (webtiles) character file.

Game seed: 8389163653947874632

744 iamoutofideas the Grappler (level 7, -2/62 HPs)
             Began as a Troll Hunter on Nov 17, 2020.
             Was an Initiate of Okawaru.
             Killed from afar by Dowan (6 damage)
             ... with a puff of frost
             ... on level 4 of the Dungeon.
             The game lasted 00:03:49 (3198 turns).

iamoutofideas the Grappler (Troll Hunter)           Turns: 3198, Time: 00:03:52

Health: -2/62      AC:  7    Str: 23    XL:     7   Next: 47%
Magic:  6/6        EV: 10    Int:  7    God:    Okawaru [......]
Gold:   226        SH:  0    Dex: 10    Spells: 6/6 levels left

rFire    . . .     SeeInvis .     - Unarmed
rCold    . . .     Faith    .   (no shield)
rNeg     . . .     Spirit   .   b - +0 robe
rPois    .         Reflect  .   (helmet restricted)
rElec    .         Harm     .   p - +0 cloak
rCorr    .         Rampage  .   (gloves unavailable)
MR       .....                  (boots unavailable)
Stlth    +.........             (no amulet)
HPRegen  0.60/turn              (no ring)
MPRegen  0.10/turn              (no ring)

@: lethally poisoned (-2 -> -5), flying, hasted, glowing, very quick
A: large, unfitting armour, claws 3, regeneration 1, shaggy fur 1, tough skin 3
a: Renounce Religion


You were on level 4 of the Dungeon.
You worshipped Okawaru.
Okawaru was noncommittal.
You visited 2 branches of the dungeon, and saw 5 of its levels.
You also visited: Sewer.

You collected 226 gold pieces.

Inventory:

Missiles
 a - 172 stones
 c - 5 large rocks (quivered)
 d - 3 throwing nets
 e - 6 poisoned darts
Armour
 b - a +0 robe (worn)
 p - a +0 cloak (worn)
Jewellery
 s - an uncursed ring of wizardry {unknown}
 t - a cursed -4 ring of strength {unknown}
Wands
 u - a wand of paralysis (9)
Scrolls
 h - 4 scrolls of blinking
 i - 3 scrolls of fear
 k - a scroll of remove curse {unknown}
 n - a scroll of fog
 q - 3 scrolls of enchant weapon {unknown}
 r - a scroll of teleportation {unknown}
 v - 3 scrolls of immolation {unknown}
Potions
 f - a potion of magic
 g - a potion of flight
 l - 3 potions of curing
 m - a potion of cancellation
 o - 2 potions of heal wounds {unknown}
 w - a potion of might


   Skills:
 - Level 1.5 Fighting
 - Level 3.6 Throwing
 - Level 1.5 Dodging
 - Level 0.3 Stealth
 + Level 8.3 Unarmed Combat


You had 6 spell levels left.
You didn't know any spells.
Your spell library was empty.

Dungeon Overview and Level Annotations

Branches:
Dungeon (4/15)             Temple (1/1) D:4           Sewer (visited)

Altars:
Ashenzari
Cheibriados
Elyvilon
Fedhas
Gozag
Okawaru
Qazlal
Ru
Trog
Vehumet
Wu Jian
Xom
Yredelemnul
Zin

Shops:
D:4 [

Annotations:
D:4 Dowan, Duvessa


Innate Abilities, Weirdness & Mutations

You are too large for most types of armour.
You have claws for hands.
Your natural rate of healing is unusually fast.
You are covered in fur. (AC +1)
You have extremely tough skin. (AC +3)


Message History

You closely miss Dowan. You mangle Dowan!!
Dowan is almost dead.
You feel sick.
Dowan hits you with a +7 dagger of venom.
* * * LOW HITPOINT WARNING * * *
You are more poisoned.
It was a potion of flight.
You feel very buoyant.
You fly up into the air.
You feel sick.
Duvessa says, "Where magic fails, the sword succeeds!"
Duvessa hits you but does no damage.
Dowan zaps a wand.
The puff of flame hits you but does no damage.
It was a potion of haste.
You feel yourself speed up.
You feel sick.
Duvessa says, "Where magic fails, the sword succeeds!"
Duvessa hits you with a +0 rapier!
* * * LOW HITPOINT WARNING * * *
Dowan gestures at you while chanting. The puff of frost hits you.
You die...

..<#............#
...#............#
...'..[.........#
...#.##....###########
..##.#######.....#...##
..#........'.....#....#
..#........#.....#...############
..#......>.#.....#...##.....#....
..#........#....@e...#......#....
..#..###'###....e##..##.....#....
..#..##..#....#####..##.....#....
..+..+...#....#..#....#.....#....
..#..#...#....#..#...##...###....
..########....#..##..###'##.....#
..............#..######.).'.....'
..............#.)....'....#.....#
.<............'......##...#.....#


You could see Duvessa and Dowan (strong).

Vanquished Creatures
  An ogre (D:2)
  A big kobold (Sewer)
  A scorpion (D:4)
  A howler monkey (D:4)
  4 orc priests
  5 orc wizards
  A worker ant (D:4)
  9 adders
  4 river rats
  An ooze (D:3)
  4 worms
  A dart slug (D:1)
  4 leopard geckos
  12 orcs
  3 bats
  7 giant cockroaches
  5 goblins
  6 hobgoblins
  5 jackals
  7 kobolds
  2 quokkas
  A ball python (D:3)
  6 frilled lizards
  6 rats
97 creatures vanquished.

Notes
Turn   | Place    | Note
-------+----------+-------------------------------------------
     0 | D:1      | iamoutofideas the Troll Hunter began the quest for the Orb.
     0 | D:1      | Reached XP level 1. HP: 19/19 MP: 0/0
    76 | D:1      | Reached skill level 1 in Unarmed Combat
   111 | D:1      | Reached XP level 2. HP: 24/27 MP: 1/1
   158 | D:1      | Reached skill level 2 in Unarmed Combat
   697 | D:2      | Reached XP level 3. HP: 30/33 MP: 2/2
   745 | D:2      | Noticed an ogre
   875 | D:2      | Reached skill level 3 in Unarmed Combat
  1151 | D:2      | Killed an ogre
  1152 | D:2      | Reached skill level 4 in Unarmed Combat
  1152 | D:2      | Reached XP level 4. HP: 16/41 MP: 3/3
  1152 | D:2      | Reached XP level 5. HP: 19/48 MP: 4/4
  1541 | D:3      | Found a glowing drain.
  1567 | Sewer    | Entered a sewer
  1571 | Sewer    | Reached skill level 5 in Unarmed Combat
  1730 | Sewer    | Found a white marble altar of Elyvilon.
  1810 | D:3      | Found a broken altar of Ashenzari.
  1836 | D:2      | Reached XP level 6. HP: 38/55 MP: 5/5
  1838 | D:2      | Reached skill level 6 in Unarmed Combat
  2109 | D:3      | Reached skill level 7 in Unarmed Combat
  2401 | D:4      | Reached XP level 7. HP: 61/62 MP: 6/6
  2540 | D:4      | Found a staircase to the Ecumenical Temple.
  2558 | Temple   | Entered the Ecumenical Temple
  2795 | Temple   | Became a worshipper of Warmaster Okawaru
  2945 | D:4      | Found Pakonioh's Antique Armour Emporium.
  2972 | D:4      | Reached skill level 8 in Unarmed Combat
  3052 | D:4      | Found a glowing silver altar of Zin.
  3179 | D:4      | Noticed Dowan
  3180 | D:4      | Noticed Duvessa
  3198 | D:4      | Killed from afar by Dowan

Illustrated notes

Levels and vault maps discovered:
D:1:      eino_arrival_water_star, layout_loops_ring
D:2:      layout_loops_ring
D:3:      layout_rooms, portal_sewer_entry_a, cheibrodos_ashenzari_chains
D:4:      layout_gridville, lemuel_doored_altar, zin_academy, temple_statues,
          serial_shops, nicolae_shop_statue_plus, uniq_duvessa
Temple:   oiseaux_autumnal_temple

Skill      XL: |  1  2  3  4  5  6  7 |
---------------+----------------------+-----
Unarmed Combat | 1 2 4 5 7 8 |  8.3
Fighting       | |  1.5
Throwing       | |  3.6
Dodging        | |  1.5
Stealth        | |  0.3

Action                   |  1- 3 |  4- 6 |  7- 9 || total
-------------------------+-------+-------+-------++-------
Melee: Unarmed           |    69 |   156 |    62 ||   287
       Punch             |     2 |     4 |     2 ||     8
  Use: Scroll            |       |     7 |       ||     7
       Potion            |       |       |     2 ||     2
Armor: Robe              |    25 |    58 |    16 ||    99
Dodge: Dodged            |    32 |    82 |    26 ||   140

Table legend: (Time is in decaauts)
 A = Elapsed time spent in this place.
 B = Non-inter-level travel time spent in this place.
 C = Inter-level travel time spent in this place.
 D = Time resting spent in this place.
 E = Time spent auto-exploring this place.
 F = Levels seen in this place.
 G = Mean time per level.
                   A        B        C        D        E       F      G
               +--------+--------+--------+--------+--------+-----+--------+
         Total |   3211 |   3026 |    185 |    235 |   2190 |   6 |  535.2 |
       Dungeon |   2716 |   2577 |    139 |    232 |   1807 |   4 |  679.0 |
        Temple |    263 |    217 |     46 |      0 |    215 |   1 |  263.0 |
         Sewer |    232 |    232 |      0 |      3 |    167 |   1 |  232.0 |
               +--------+--------+--------+--------+--------+-----+--------+

Top non-repeatable levels by time:
     D:2: 819 daAuts
     D:1: 775 daAuts
     D:4: 590 daAuts
     D:3: 530 daAuts
  Temple: 263 daAuts
   Sewer: 232 daAuts
